 Dungeon Crawl Stone Soup version 0.26-a0-682-g294304f6e8 (webtiles) character file.

Game seed: 15222812023627406632

498 somkeydreadnuts the Chopper (level 7, -5/44 HPs)
             Began as a Gargoyle Fighter on Oct 21, 2020.
             Killed by divine providence
             ... invoked by an orc priest
              (13 damage)
             ... on level 4 of the Dungeon.
             The game lasted 00:08:34 (3392 turns).

somkeydreadnuts the Chopper (Gargoyle Fighter)      Turns: 3392, Time: 00:08:35

Health: -5/44      AC: 13    Str: 21    XL:     7   Next: 16%
Magic:  7/7        EV: 12    Int:  9    God:
Gold:   145        SH: 10    Dex: 15    Spells: 6/6 levels left

rFire    . . .     SeeInvis .   a - +0 war axe
rCold    . . .     Faith    .   c - +0 kite shield
rNeg     + . .     Spirit   .   b - +0 scale mail
rPois    ∞         Reflect  .   (no helmet)
rElec    +         Harm     .   (no cloak)
rCorr    .         Rampage  .   (no gloves)
MR       .....                  u - +0 pair of boots
Stlth    ..........             (no amulet)
HPRegen  0.14/turn              o - +6 ring of dexterity
MPRegen  0.10/turn              t - +4 ring of evasion

@: no status effects
A: negative energy resistance 1, electricity resistance, unbreathing,
petrification resistance, rot immunity, AC +4
a: no special abilities


You were on level 4 of the Dungeon.
You visited 1 branch of the dungeon, and saw 4 of its levels.

You collected 145 gold pieces.

Inventory:

Hand Weapons
 a - a +0 war axe (weapon)
Missiles
 l - 3 silver boomerangs (quivered)
Armour
 b - a +0 scale mail (worn)
 c - a +0 kite shield (worn)
 u - a +0 pair of boots (worn)
Jewellery
 o - a +6 ring of dexterity (left hand)
 s - an uncursed ring of positive energy
 t - a +4 ring of evasion (right hand)
 w - an uncursed ring of stealth
Wands
 r - a wand of paralysis (8)
Scrolls
 f - 2 scrolls of noise {unknown}
 g - 4 scrolls of random uselessness {unknown}
 h - a scroll of magic mapping {unknown}
 i - 2 scrolls of amnesia {unknown}
 j - a scroll of fear {unknown}
 k - 2 scrolls of enchant armour {unknown}
 p - a scroll of identify {unknown}
 q - a scroll of teleportation {unknown}
Potions
 d - a potion of might
 e - a potion of resistance {unknown}
 m - a potion of degeneration {unknown}
 n - a potion of curing {unknown}
 v - a potion of mutation {unknown}


   Skills:
 + Level 4.6 Fighting
 + Level 5.7 Axes
 - Level 3.8 Armour
 - Level 1.0 Dodging
 - Level 3.7 Shields


You had 6 spell levels left.
You didn't know any spells.
Your spell library was empty.

Dungeon Overview and Level Annotations

Branches:
Dungeon (4/15)
 Temple: D:4-7

Altars:
Elyvilon
Makhleb


Innate Abilities, Weirdness & Mutations

You are resistant to torment.
Your stone body is resilient. (AC +4)
You are immune to poison.
You resist negative energy. (rN+)
You are resistant to electric shocks. (rElec)
You can survive without breathing.
You are immune to petrification.
You are immune to rotting.


Message History

The orc priest begins to cast a cantrip, but forgets the words!
The orc priest calls down the wrath of Beogh upon you.
Beogh smites you!
There is an open door here.
You barely miss the orc priest.
The orc priest invokes the aid of Beogh against you.
Beogh smites you!
* * * LOW HITPOINT WARNING * * *
You hit the orc priest.
The orc priest is lightly wounded.
You block the orc priest's attack.
You completely miss the orc priest.
The orc priest is lightly wounded.
The orc priest hits you but does no damage.
You slash the orc priest!
The orc priest is severely wounded.
You block the orc priest's attack.
The orc priest calls down the wrath of Beogh upon you.
Beogh smites you!
You die...

######## #....# ########......#
#....# #......ooo....# #....#
+.....@#......# ###....
#####'##......#### ......#
#...........o...# ......#
#...........o...# ......#
#..........)....#
....<.######...............#
.#+##........#######....##o....
#........'.....+....# .....
#........#.....#....+ ...


You could see an orc priest and 2 orcs.

Vanquished Creatures
  Grinder (D:3)
  Crazy Yiuf (D:3)
  A centaur skeleton (D:4)
  Jessica (D:3)
  Terence (D:3)
  An orc wizard (D:4)
  8 adders
  5 worms
  3 ball pythons (D:2)
  13 bats
  5 giant cockroaches
  11 goblins
  7 hobgoblins
  5 jackals
  3 quokkas
  A frilled lizard (D:1)
  9 kobolds
  6 rats
82 creatures vanquished.

Notes
Turn   | Place    | Note
-------+----------+-------------------------------------------
     0 | D:1      | somkeydreadnuts the Gargoyle Fighter began the quest for
                  | the Orb.
     0 | D:1      | Reached XP level 1. HP: 14/14 MP: 1/1
     0 | D:1      | Noticed a naga
     0 | D:1      | Noticed a spriggan
     1 | D:1      | Noticed a minotaur
     3 | D:1      | Noticed a vampire
     5 | D:1      | Noticed a minotaur zombie
     8 | D:1      | Noticed a dwarf
    16 | D:1      | Noticed a merfolk zombie
   240 | D:1      | Reached XP level 2. HP: 19/19 MP: 2/2
   897 | D:2      | Reached skill level 2 in Axes
   897 | D:2      | Reached XP level 3. HP: 22/23 MP: 3/3
  1035 | D:2      | Reached skill level 1 in Dodging
  1189 | D:2      | Reached XP level 4. HP: 24/28 MP: 4/4
  1322 | D:2      | Found a burning altar of Makhleb.
  1322 | D:2      | Found a white marble altar of Elyvilon.
  2077 | D:3      | Reached skill level 3 in Axes
  2162 | D:3      | Noticed Grinder
  2166 | D:3      | Paralysed by Grinder for 2 turns
  2179 | D:3      | Killed Grinder
  2179 | D:3      | Reached skill level 4 in Axes
  2179 | D:3      | Reached XP level 5. HP: 7/34 MP: 5/5
  2179 | D:3      | Reached XP level 6. HP: 9/39 MP: 6/6
  2626 | D:3      | Noticed Jessica
  2646 | D:3      | Killed Jessica
  2646 | D:3      | Reached skill level 5 in Axes
  3089 | D:3      | Noticed Terence
  3105 | D:3      | Killed Terence
  3152 | D:3      | Found a runed translucent door.
  3153 | D:3      | Noticed Crazy Yiuf
  3165 | D:3      | Killed Crazy Yiuf
  3165 | D:3      | Reached XP level 7. HP: 35/44 MP: 7/7
  3392 | D:4      | Killed from afar by an orc priest

Illustrated notes

Levels and vault maps discovered:
D:1:      shiori_arrival_whats_in_store_for_you, layout_basic
D:2:      layout_loops_corners, gammafunk_temple_overflow_elements,
          minmay_randomly_rotated_circles
D:3:      layout_basic, st_stairs_11, minmay_misc_feat_tower, minivault_26,
          corexii_corridor_pit, uniq_terence, uniq_jessica,
          uniq_crazy_yiuf_cottage, uniq_grinder
D:4:      layout_gridville, marbit_many_paths, minmay_temple_entry_waves,
          serial_shops, shop_coins

Skill      XL: |  1  2  3  4  5  6 |
---------------+-------------------+-----
Axes           | 2 4 5 |  5.7
Dodging        | 1 |  1.0
Fighting       | 4 |  4.6
Armour         | |  3.8
Shields        | |  3.7

Action                   |  1- 3 |  4- 6 |  7- 9 || total
-------------------------+-------+-------+-------++-------
Melee: War axe           |   112 |   155 |    19 ||   286
Armor: Scale mail        |    94 |    95 |     7 ||   196
Dodge: Dodged            |    58 |    83 |     6 ||   147
Block: Kite shield       |    90 |   108 |     7 ||   205

Table legend: (Time is in decaauts)
 A = Elapsed time spent in this place.
 B = Non-inter-level travel time spent in this place.
 C = Inter-level travel time spent in this place.
 D = Time resting spent in this place.
 E = Time spent auto-exploring this place.
 F = Levels seen in this place.
 G = Mean time per level.
                   A        B        C        D        E       F      G
               +--------+--------+--------+--------+--------+-----+--------+
         Total |   3505 |   3505 |      0 |      0 |   2308 |   4 |  876.2 |
       Dungeon |   3505 |   3505 |      0 |      0 |   2308 |   4 |  876.2 |
               +--------+--------+--------+--------+--------+-----+--------+

Top non-repeatable levels by time:
     D:3: 1283 daAuts
     D:2: 1221 daAuts
     D:1: 923 daAuts
     D:4: 78 daAuts
